 Dungeon Crawl Stone Soup version 0.30-a0-643-g638baaf3f0 (webtiles) character file.

Game seed: 5673648401298623169

2512 Citaku the Protected (level 9, -1/79 HPs)
             Began as a Minotaur Fighter on Jan 16, 2023.
             Was an Initiate of Gozag.
             Slain by a centaur
             ... wielding a +0 halberd
              (9 damage)
             ... in a bailey.
             The game lasted 00:09:58 (7008 turns).

Citaku the Protected (Minotaur Fighter)             Turns: 7008, Time: 00:09:59

Health: -1/79      AC:  8    Str: 25    XL:     9   Next: 28%
Magic:  8/8        EV:  9    Int: 11    God:    Gozag
Gold:   248        SH:  5    Dex: 10    Spells: 8/8 levels left

rFire   . . .      SeeInvis .    a - +0 war axe
rCold   . . .      Faith    .    c - +0 buckler
rNeg    . . .      Spirit   .    b - +0 scale mail
rPois   .          Reflect  .    (helmet restricted)
rElec   .          Harm     .    l - scarf {repulsion}
rCorr   .          Rampage  .    (no gloves)
Will    .....                    (no boots) Stlth
                                 q - amulet of magic regeneration
HPRegen 0.33/turn                u - +6 ring of intelligence
MPRegen 0.51/turn                (no ring)

@: gold aura, flying, repel missiles
A: horns 2, retaliatory headbutt
a: Renounce Religion, Potion Petition, Call Merchant, Bribe Branch


You were in a bailey.
You worshipped Gozag.
Gozag was aware of your devotion.
You visited 2 branches of the dungeon, and saw 8 of its levels.
You also visited: Sewer and Bailey.

You collected 632 gold pieces.
You spent 304 gold pieces at shops.
You paid 80 gold pieces to Gozag.

Inventory:

Hand Weapons
 a - a +0 war axe (weapon)
Armour
 b - a +0 scale mail (worn)
 c - a +0 buckler (worn)
 l - a scarf of repulsion (worn)
 B - the -2 cloak of the Black Skies {Rampage rElec rC+}
   (You bought it in a shop on level 6 of the Dungeon)

   rC:        It protects you from cold.
   rElec:     It insulates you from electricity.
   Rampage:   It bestows one free step when moving towards enemies.
Jewellery
 q - an amulet of magic regeneration (around neck)
 u - a +6 ring of intelligence (left hand)
Wands
 d - a wand of flame (19)
 y - a wand of light (5)
 A - a wand of digging (9)
Scrolls
 e - 3 scrolls of fear
 f - a scroll of teleportation
 i - 3 scrolls of poison
 j - 2 scrolls of identify
 k - a scroll of torment
 t - a scroll of fog
 x - a scroll of blinking
Potions
 g - 4 potions of mutation
 h - 5 potions of flight
 n - 3 potions of curing
 o - 2 potions of lignification
 r - 3 potions of attraction


   Skills:
 + Level 7.0 Fighting
 * Level 9.1 Axes
 * Level 9.4 Armour
 + Level 7.2 Shields


You had 8 spell levels left.
You didn't know any spells.
Your spell library contained the following spells:

 Spells                   Type           Power      Damage    Failure   Level
 Beastly Appendage        Tmut           0%         N/A       67%         1
 Lesser Beckoning         Tloc           0%         N/A       80%         2
 Wereblood                Tmut           0%         N/A       80%         2
 Gell's Gravitas          Tloc           0%         N/A       95%         3
 Ignite Poison            Fire/Tmut/Pois 0%         N/A       95%         3
 Inner Flame              Hex/Fire       0%         N/A       95%         3
 Kindle Blastsparks       Fire/Tloc/Air  0%         2d10      95%         3
 Spider Form              Tmut/Pois      0%         N/A       95%         3
 Teleport Other           Tloc           0%         N/A       95%         3
 Flame Wave               Conj/Fire      0%         2d4       100%        4
 Sticky Flame             Conj/Fire      0%         2d3       100%        4
 Freezing Cloud           Conj/Ice/Air   0%         6-21      100%        5


Dungeon Overview and Level Annotations

Branches:
Dungeon (7/15)             Temple (1/1) D:5           Sewer (visited)
 Bailey (1/1)

Altars:
Ashenzari
Cheibriados
Dithmenos
Elyvilon
Fedhas
Gozag
Hepliaklqana
Kikubaaqudgha
Makhleb
Nemelex Xobeh
Okawaru
Qazlal
Sif Muna
Trog
Uskayaw
Vehumet
Wu Jian
Xom
Yredelemnul
Zin
The Shining One

Shops:
D:2 (   D:3 (   D:5 (   D:6 [

Portals:
Abyss: D:3

Annotations:
D:3 2 transporters, xsansara's ghost, amateur DjSu
D:7 1 runed translucent door, Ignak's ghost, novice OgWr


Innate Abilities, Weirdness & Mutations

You have a pair of horns on your head.
You reflexively headbutt those who attack you in melee.


Message History

7 gold pieces; a +0 spear; a +0 ring mail An orc comes into view.
It is wielding a +0 trident.
The centaur shouts!
The centaur throws a javelin.
The javelin pierces through you.
The centaur throws a javelin.
The javelin closely misses you. The orc hits you but does no damage.
The orc closely misses you.
The centaur hits you from afar with a +0 halberd!
The centaur throws a javelin.
The javelin is repelled.
The centaur barely misses you.
The orc is distracted by your dazzling golden aura.
You block the orc's attack.
The orc shouts!
You are too injured to fight recklessly!
You are too injured to fight recklessly!
You are too injured to fight recklessly!
You feel very buoyant.
You fly up into the air.
The orc is no longer distracted by gold.
The centaur throws a javelin.
The javelin pierces through you.
* * * LOW HITPOINT WARNING * * *
The centaur throws a javelin.
The javelin pierces through you!
* * * LOW HITPOINT WARNING * * *
The orc closely misses you.
The centaur throws a javelin.
The javelin pierces through you.
* * * LOW HITPOINT WARNING * * *
The orc hits you from afar with a +0 trident.
* * * LOW HITPOINT WARNING * * *
You are too injured to fight recklessly!
You are too injured to fight recklessly!
You are too injured to fight recklessly!
The centaur hits you but does no damage.
The centaur barely misses you.
The centaur hits you but does no damage.
You block the centaur's attack. You block the orc's attack.
You slice the centaur!!
The centaur is almost dead.
The centaur hits you with a +0 halberd!
You die...
Your body crumbles into a pile of gold.

.≈.≈.≈.⌠∩⌠.≈.≈.≈.#
.≈.≈.≈≈...≈≈.≈.≈.#
.≈.≈≈.≈...≈.≈≈c≈.#
.≈≈.≈.≈≈≈≈≈.≈.≈≈.#
#.≈.≈≈...$.≈≈.≈o##
#.≈≈.≈≈≈.≈≈≈o≈≈.#
#..≈≈..≈.≈o.≈≈..#
#.⌠.≈≈≈..o≈≈≈.⌠.#
#...o≈@≈≈≈o...##
#####c..o.#####
#######


You could see 2 centaurs and 6 orcs.

Vanquished Creatures
  A two-headed ogre (D:6)
  Sigmund (D:3)
  A black bear (D:4)
  3 bullfrogs
  2 scorpions
  3 killer bees (D:7)
  2 howler monkeys (D:5)
  4 orc priests
  7 hounds
  6 iguanas
  A jelly (D:7)
  Jessica (D:3)
  9 orc wizards
  7 gnolls
  15 adders
  3 white imps
  2 ufetubi
  3 worms (D:2)
  4 dart slugs
  22 orcs
  6 ball pythons
  5 endoplasms
  16 giant cockroaches
  9 goblins
  7 hobgoblins
  5 jackals
  4 kobolds
  10 quokkas
  5 bats
  7 frilled lizards
  2 rats (D:2)
173 creatures vanquished.

Vanquished Creatures (others)
  3 plants (D:3)
3 creatures vanquished.

Grand Total: 176 creatures vanquished

Notes
Turn   | Place    | Note
-------+----------+-------------------------------------------
     0 | D:1      | Citaku the Minotaur Fighter began the quest for the Orb.
     0 | D:1      | Reached XP level 1. HP: 19/19 MP: 0/0
   319 | D:1      | Reached XP level 2. HP: 24/27 MP: 1/1
   946 | D:2      | Reached XP level 3. HP: 18/33 MP: 2/2
  1037 | D:2      | Found Inalyo's Antique Weapon Shop.
  1230 | D:2      | Reached XP level 4. HP: 19/40 MP: 3/3
  1539 | D:3      | Found Ukhlank's Weapon Shop.
  1548 | D:3      | Noticed Sigmund
  1562 | D:3      | Killed Sigmund
  1563 | D:3      | Reached skill level 5 in Armour
  1563 | D:3      | Reached XP level 5. HP: 27/47 MP: 4/4
  1671 | D:3      | Noticed Jessica
  1672 | D:3      | Reached XP level 6. HP: 53/53 MP: 5/5
  1680 | D:3      | Killed Jessica
  1837 | D:3      | Found a transporter.
  1893 | D:3      | Reached skill level 5 in Axes
  2348 | D:3      | Found a transporter.
  2348 | D:3      | Found a one-way gate to the infinite horrors of the Abyss.
  2348 | D:3      | Noticed xsansara's ghost (amateur DjSu)
  2852 | D:4      | Reached skill level 5 in Shields
  3008 | D:4      | Reached skill level 5 in Fighting
  3330 | D:4      | Reached XP level 7. HP: 57/61 MP: 6/6
  3803 | D:5      | Entered Level 5 of the Dungeon
  4043 | D:5      | Found a glowing drain.
  4058 | Sewer    | Entered a sewer
  4537 | D:5      | Found a staircase to the Ecumenical Temple.
  4582 | Temple   | Entered the Ecumenical Temple
  4599 | Temple   | Became a worshipper of Gozag Ym Sagoz the Greedy
  4765 | D:5      | Reached XP level 8. HP: 60/70 MP: 7/7
  4922 | D:5      | Found Vihes's Weapon Emporium.
  4961 | D:5      | Identified the +1 ring mail "Zuezie" {rN+ Int+3 SInv}
  4999 | D:5      | Found a glowing silver altar of Zin.
  5803 | D:6      | Noticed a two-headed ogre
  5811 | D:6      | Killed a two-headed ogre
  5812 | D:6      | Reached XP level 9. HP: 54/78 MP: 8/8
  6079 | D:6      | Found Quyscheote's Antique Armour Shop.
  6090 | D:6      | Bought a distressingly furry cloak for 304 gold pieces
  6090 | D:6      | Identified the -2 cloak of the Black Skies {Rampage rElec
                  | rC+} (You bought it in a shop on level 6 of the Dungeon)
  6115 | D:6      | Found a hide-covered altar of Uskayaw.
  6520 | D:7      | Found a runed translucent door.
  6521 | D:7      | Noticed Ignak's ghost (novice OgWr)
  6969 | D:7      | Found a flagged portal.
  6979 | Bailey   | Entered a bailey
  7008 | Bailey   | Slain by a centaur

Illustrated notes

Levels and vault maps discovered:
D:1:      lemuel_arrival_tunnels, layout_basic
D:2:      layout_rooms, serial_shops, shop
D:3:      layout_basic, serial_shops, shop, gammafunk_ghost_abyssal_escape,
          serial_bayou_pond_a, serial_bayou_pond_c, minmay_hedge_maze,
          serial_bayou_crossing, uniq_sigmund, uniq_jessica
D:4:      layout_basic, minmay_misc_feat_doors
D:5:      kennysheep_six_static_rooms, layout_loops_cross,
          mainiacjoe_overflow_surrounded_room, minmay_temple_entry_ruins,
          serial_shops, shop, gup_sewer_entry_pipe
D:6:      layout_basic, general_overflow_altar, serial_shops, shop
D:7:      layout_basic, enter_bailey_3, ebering_ghost_reflecting_pool,
          nicolae_lava_and_water
Temple:   hellmonk_temple_of_storms
Bailey:   bailey_polearm_flooded_kennysheep, bailey

Skill      XL: |  1  2  3  4  5  6  7  8  9 |
---------------+----------------------------+-----
Armour         | 4 5 6 7 8 9 |  9.4
Axes           | 3 4 5 6 8 9 |  9.1
Shields        | 4 5 6 7 |  7.2
Fighting       | 4 5 6 7 |  7.0

Action                   |  1- 3 |  4- 6 |  7- 9 || total
-------------------------+-------+-------+-------++-------
Melee: War axe           |    62 |   110 |   227 ||   399
       Headbutt          |     8 |     6 |    35 ||    49
  Use: Potion            |       |     1 |     3 ||     4
       Scroll            |       |       |    14 ||    14
 Stab: Distracted        |       |       |     1 ||     1
Armor: Scale mail        |    37 |    49 |   144 ||   230
Dodge: Dodged            |    20 |    51 |   100 ||   171
       Repelled          |       |       |     3 ||     3
Block: Buckler           |     8 |    27 |    54 ||    89

Table legend: (Time is in decaauts)
 A = Elapsed time spent in this place.
 B = Non-inter-level travel time spent in this place.
 C = Inter-level travel time spent in this place.
 D = Time resting spent in this place.
 E = Time spent auto-exploring this place.
 F = Levels seen in this place.
 G = Mean time per level.
                   A        B        C        D        E       F      G
               +--------+--------+--------+--------+--------+-----+--------+
         Total |   7219 |   7031 |    188 |    116 |   5702 |  10 |  721.9 |
       Dungeon |   6599 |   6411 |    188 |    116 |   5296 |   7 |  942.7 |
        Temple |     50 |     50 |      0 |      0 |     19 |   1 |   50.0 |
         Sewer |    540 |    540 |      0 |      0 |    387 |   1 |  540.0 |
        Bailey |     28 |     28 |      0 |      0 |      0 |   1 |   28.0 |
               +--------+--------+--------+--------+--------+-----+--------+

Top non-repeatable levels by time:
     D:5: 1343 daAuts
     D:4: 1246 daAuts
     D:3: 1066 daAuts
     D:1: 944 daAuts
     D:6: 841 daAuts
     D:2: 621 daAuts
   Sewer: 540 daAuts
     D:7: 537 daAuts
  Temple: 50 daAuts
  Bailey: 28 daAuts
